| TOP OF THE 1ST |
|
California Angels batting - Pitching for Minnesota Twins : RHP Jesus Fernandez
|
|
Pitching: RHP Jesus Fernandez
|
|
|
Batting: RHB Nick Dunn
|
0-0: Foul Ball, location: 2F 0-1: Ball 1-1: Swinging Strike 1-2: Strikes out swinging
|
|
Batting: LHB Micah Miller
|
0-0: Called Strike 0-1: Fly out, F8 (Flyball, 8LD, EV 89.4 MPH)
|
|
Batting: RHB Alain Delhaye
|
0-0: Foul Ball, location: 2F 0-1: Ball 1-1: Ground out 5-3 (Groundball, 5, EV 86.3 MPH)
|
| Top of the 1st over - 0 runs, 0 hits, 0 errors, 0 left on base; California 0 - Minnesota 0 |
| BOTTOM OF THE 1ST |
|
Minnesota Twins batting - Pitching for California Angels : RHP Juan Gomez
|
|
Pitching: RHP Juan Gomez
|
|
|
Batting: RHB Yonetoshi Muranaka
|
0-0: Ball 1-0: Ground out 4-3 (Groundball, 34, EV 103.1 MPH)
|
|
Batting: LHB Joel Kunkler
|
0-0: Called Strike 0-1: Ball 1-1: Foul Ball, location: 2F 1-2: Ground out U3 (Groundball, 34, EV 91.9 MPH)
|
|
Batting: RHB Jared McClernon
|
0-0: Foul Ball, location: 2F 0-1: Ball 1-1: Foul Ball, location: 2F 1-2: Ball 2-2: Ball 3-2: Base on Balls
|
|
Batting: RHB Jesus Chavez
|
0-0: Ball 1-0: Called Strike Jared McClernon steals 2nd base 1-1: Ball 2-1: Swinging Strike 2-2: Ground out 4-3 (Groundball, 4, EV 98.1 MPH)
|
| Bottom of the 1st over - 0 runs, 0 hits, 0 errors, 1 left on base; California 0 - Minnesota 0 |
| TOP OF THE 2ND |
|
California Angels batting - Pitching for Minnesota Twins : RHP Jesus Fernandez
|
|
Batting: SHB Aldo Questi
|
0-0: Ball 1-0: Called Strike 1-1: Ball 2-1: Ball 3-1: Swinging Strike 3-2: Base on Balls
|
|
Batting: RHB Preston Deakyne
|
0-0: Ball 1-0: Swinging Strike 1-1: SINGLE (Groundball, 34S, EV 71.3 MPH) (infield hit) Aldo Questi to second
|
|
Batting: RHB Danny Odom
|
0-0: Ball 1-0: Ball 2-0: Foul Ball, location: 2F 2-1: Fly out, F4 (Popup, 4MS, EV 57.5 MPH)
|
|
Batting: RHB Curt Earnest
|
0-0: Ball 1-0: Ball 2-0: Called Strike 2-1: Ball 3-1: Base on Balls Aldo Questi to third Preston Deakyne to second
|
|
Batting: LHB Jack Bell
|
0-0: Foul Ball, location: 2F 0-1: Foul Ball, location: 2F 0-2: Ball 1-2: Ball 2-2: Ball 3-2: Grounds into double play, 1-2-3 (Groundball, 34S, EV 68.1 MPH)
|
| Top of the 2nd over - 0 runs, 1 hit, 0 errors, 2 left on base; California 0 - Minnesota 0 |
| BOTTOM OF THE 2ND |
|
Minnesota Twins batting - Pitching for California Angels : RHP Juan Gomez
|
|
Batting: LHB Kevin Bellman
|
0-0: Ball 1-0: SINGLE (Groundball, 25, EV 70.6 MPH) (infield hit)
|
|
Batting: SHB Buster Hyman
|
0-0: SINGLE (Groundball, 6D, EV 95.0 MPH) Kevin Bellman to second
|
|
Batting: LHB Sadamu Noguchi
|
0-0: Ball 1-0: SINGLE (Groundball, 4MD, EV 100.0 MPH) Kevin Bellman to third Buster Hyman to second Runner from 3rd tries for Home, throw by CF and OUT! 8-2
|
|
Batting: RHB Väinö Tapaninen
|
0-0: Ball 1-0: Ball 2-0: SINGLE (Groundball, 4MD, EV 106.9 MPH) Buster Hyman to third Sadamu Noguchi to second Runner from 3rd tries for Home, SAFE, throw by CF to home
|
|
Batting: RHB Josh Zoglmann
|
0-0: DOUBLE (Line Drive, 7LM, EV 96.9 MPH) Sadamu Noguchi scores Väinö Tapaninen to third
|
|
Batting: RHB Yonetoshi Muranaka
|
0-0: Foul Ball, location: 2F 0-1: Ground out 5-3 (Groundball, 56, EV 101.3 MPH) Väinö Tapaninen scores
|
|
Batting: LHB Joel Kunkler
|
0-0: Ball 1-0: Called Strike 1-1: Swinging Strike 1-2: Ground out 4-3 (Groundball, 4, EV 91.9 MPH)
|
| Bottom of the 2nd over - 3 runs, 5 hits, 0 errors, 1 left on base; California 0 - Minnesota 3 |
| TOP OF THE 3RD |
|
California Angels batting - Pitching for Minnesota Twins : RHP Jesus Fernandez
|
|
Batting: LHB Steve Roepke
|
0-0: Called Strike 0-1: SINGLE (Flyball, 56D, EV 87.5 MPH)
|
|
Batting: RHB Nick Dunn
|
0-0: Ball 1-0: Swinging Strike 1-1: Ball 2-1: Grounds into double play, 6-4-3 (Groundball, 6, EV 103.1 MPH)
|
|
Batting: LHB Micah Miller
|
0-0: Ball 1-0: Ball 2-0: Ball 3-0: Called Strike 3-1: Base on Balls
|
|
Batting: RHB Alain Delhaye
|
0-0: Ground out 1-3 (Groundball, 13, EV 73.8 MPH)
|
| Top of the 3rd over - 0 runs, 1 hit, 0 errors, 1 left on base; California 0 - Minnesota 3 |
| BOTTOM OF THE 3RD |
|
Minnesota Twins batting - Pitching for California Angels : RHP Juan Gomez
|
|
Batting: RHB Jared McClernon
|
0-0: Ball 1-0: Ball 2-0: Called Strike 2-1: Ball 3-1: Called Strike 3-2: Base on Balls
|
|
Batting: RHB Jesus Chavez
|
0-0: Ball 1-0: Ball 2-0: Called Strike 2-1: Ball 3-1: Base on Balls Jared McClernon to second
|
|
Batting: LHB Kevin Bellman
|
0-0: Ball 1-0: Foul Ball, location: 2F 1-1: Swinging Strike 1-2: Foul Ball, location: 2F 1-2: Ball 2-2: Fly out, F7 (Flyball, 78S, EV 80.6 MPH)
|
|
Batting: SHB Buster Hyman
|
0-0: Called Strike Jared McClernon steals 3rd base 0-1: Ball 1-1: Foul Ball, location: 2F 1-2: Ball 2-2: Ball Wild Pitch! Jared McClernon scores Jesus Chavez to second 3-2: Foul Ball, location: 2F 3-2: Strikes out swinging
|
|
Batting: LHB Sadamu Noguchi
|
0-0: Ball 1-0: Ground out 5-3 (Groundball, 56, EV 86.3 MPH)
|
| Bottom of the 3rd over - 1 run, 0 hits, 0 errors, 1 left on base; California 0 - Minnesota 4 |
| TOP OF THE 4TH |
|
California Angels batting - Pitching for Minnesota Twins : RHP Jesus Fernandez
|
|
Batting: SHB Aldo Questi
|
0-0: Called Strike 0-1: Ball 1-1: Ball 2-1: Swinging Strike 2-2: Ball 3-2: Foul Ball, location: 2F 3-2: SINGLE (Line Drive, 7S, EV 104.4 MPH)
|
|
Batting: RHB Preston Deakyne
|
0-0: Foul Ball, location: 2F 0-1: Swinging Strike 0-2: Strikes out looking
|
|
Batting: RHB Danny Odom
|
0-0: Ball 1-0: SINGLE (Line Drive, 34D, EV 101.9 MPH) Aldo Questi to second
|
|
Batting: RHB Curt Earnest
|
0-0: Grounds into double play, 6-4-3 (Groundball, 56D, EV 108.8 MPH)
|
| Top of the 4th over - 0 runs, 2 hits, 0 errors, 1 left on base; California 0 - Minnesota 4 |
| BOTTOM OF THE 4TH |
|
Minnesota Twins batting - Pitching for California Angels : RHP Juan Gomez
|
|
Batting: RHB Väinö Tapaninen
|
0-0: Called Strike 0-1: Called Strike 0-2: Ball 1-2: Ball 2-2: Ball 3-2: Ground out 6-3 (Groundball, 6, EV 101.3 MPH)
|
|
Pitching: RHP George Rosario
|
|
|
Batting: RHB Josh Zoglmann
|
0-0: Ball 1-0: Ball 2-0: Foul Ball, location: 2F 2-1: Ground out 6-3 (Groundball, 6, EV 93.1 MPH)
|
|
Batting: RHB Yonetoshi Muranaka
|
0-0: Called Strike 0-1: Ball 1-1: Fly out, F6 (Popup, 6D, EV 54.4 MPH)
|
| Bottom of the 4th over - 0 runs, 0 hits, 0 errors, 0 left on base; California 0 - Minnesota 4 |
| TOP OF THE 5TH |
|
California Angels batting - Pitching for Minnesota Twins : RHP Jesus Fernandez
|
|
Batting: LHB Jack Bell
|
0-0: Ball 1-0: Called Strike 1-1: Called Strike 1-2: Strikes out swinging
|
|
Batting: LHB Steve Roepke
|
0-0: Ball 1-0: Called Strike 1-1: Foul Ball, location: 2F 1-2: Strikes out swinging
|
|
Batting: RHB Nick Dunn
|
0-0: Ball 1-0: SINGLE (Groundball, 5S, EV 68.1 MPH) (infield hit)
|
|
Pitching: RHP Luis Sanchez
|
|
|
Batting: LHB Micah Miller
|
0-0: Called Strike 0-1: Called Strike Nick Dunn steals 2nd base 0-2: Ball 1-2: Ball 2-2: Foul Ball, location: 2F 2-2: Strikes out looking
|
| Top of the 5th over - 0 runs, 1 hit, 0 errors, 1 left on base; California 0 - Minnesota 4 |
| BOTTOM OF THE 5TH |
|
Minnesota Twins batting - Pitching for California Angels : RHP George Rosario
|
|
Batting: LHB Joel Kunkler
|
0-0: DOUBLE (Line Drive, 5D, EV 95.0 MPH)
|
|
Batting: RHB Jared McClernon
|
0-0: Ball 1-0: Ball 2-0: Ball 3-0: Base on Balls
|
|
Batting: RHB Jesus Chavez
|
0-0: Ball 1-0: Foul Ball, location: 2F 1-1: Called Strike 1-2: Strikes out swinging
|
|
Batting: LHB Kevin Bellman
|
0-0: Called Strike 0-1: Called Strike 0-2: Foul Ball, location: 2F 0-2: Ball 1-2: Foul Ball, location: 2F 1-2: Strikes out looking
|
|
Batting: SHB Buster Hyman
|
0-0: Ball 1-0: Ball 2-0: Ball 3-0: Base on Balls Joel Kunkler to third Jared McClernon to second
|
|
Batting: LHB Sadamu Noguchi
|
0-0: Called Strike 0-1: Foul Ball, location: 2F 0-2: Ball 1-2: Fielders Choice at 2nd, 6-4 (Groundball, 6, EV 100.0 MPH)
|
| Bottom of the 5th over - 0 runs, 1 hit, 0 errors, 3 left on base; California 0 - Minnesota 4 |
| TOP OF THE 6TH |
|
California Angels batting - Pitching for Minnesota Twins : RHP Luis Sanchez
|
|
Batting: RHB Alain Delhaye
|
0-0: Ball 1-0: Foul Ball, location: 2F 1-1: Ground out 6-3 (Groundball, 6, EV 105.0 MPH)
|
|
Batting: SHB Aldo Questi
|
0-0: Called Strike 0-1: Ball 1-1: Foul Ball, location: 2F 1-2: Ground out 5-3 (Groundball, 56, EV 101.9 MPH)
|
|
Batting: RHB Preston Deakyne
|
0-0: Ground out U3 (Groundball, 34S, EV 87.5 MPH)
|
| Top of the 6th over - 0 runs, 0 hits, 0 errors, 0 left on base; California 0 - Minnesota 4 |
| BOTTOM OF THE 6TH |
|
Minnesota Twins batting - Pitching for California Angels : RHP George Rosario
|
|
Batting: RHB Väinö Tapaninen
|
0-0: Ball 1-0: SINGLE (Flyball, 3D, EV 98.1 MPH)
|
|
Batting: RHB Josh Zoglmann
|
0-0: Ball 1-0: Called Strike 1-1: Ball 2-1: SINGLE (Flyball, 89S, EV 92.5 MPH) Väinö Tapaninen to second Runner from 2nd tries for 3rd, SAFE, throw by RF made to third
|
|
Batting: RHB Yonetoshi Muranaka
|
0-0: Ball 1-0: Swinging Strike 1-1: Ball 2-1: Ball 3-1: Base on Balls Josh Zoglmann to second
|
|
Pitching: RHP Barney Pederson
|
|
|
Batting: LHB Joel Kunkler
|
0-0: Called Strike 0-1: Fly out, F9 (Flyball, 9D, EV 105.6 MPH) Runner from 3rd tags up, SCORES, no throw by RF Josh Zoglmann to third
|
|
Batting: RHB Jared McClernon
|
0-0: Swinging Strike 0-1: Called Strike Yonetoshi Muranaka steals 2nd base (no throw) 0-2: Foul Ball, location: 2F 0-2: SINGLE (Groundball, 6S, EV 66.9 MPH) (infield hit) Josh Zoglmann scores Yonetoshi Muranaka to third
|
|
Batting: RHB Jesus Chavez
|
0-0: Foul Ball, location: 2F 0-1: Foul Ball, location: 2F 0-2: Ball 1-2: Foul Ball, location: 2F 1-2: Ball 2-2: Ball 3-2: Base on Balls Jared McClernon to second
|
|
Batting: LHB Kevin Bellman
|
0-0: Swinging Strike 0-1: Foul Ball, location: 2F 0-2: Ball 1-2: Ball 2-2: Foul Ball, location: 2F 2-2: GRAND SLAM HOME RUN (Flyball, 9D, EV 105.6 MPH), Distance : 403 ft
|
|
Batting: SHB Buster Hyman
|
0-0: Ground out U3 (Groundball, 34, EV 83.8 MPH)
|
|
Batting: LHB Sadamu Noguchi
|
0-0: Called Strike 0-1: Swinging Strike 0-2: Ball 1-2: Fly out, F6 (Popup, 6, EV 60.6 MPH)
|
| Bottom of the 6th over - 6 runs, 4 hits, 0 errors, 0 left on base; California 0 - Minnesota 10 |
| TOP OF THE 7TH |
|
California Angels batting - Pitching for Minnesota Twins : RHP Luis Sanchez
|
|
Batting: RHB Danny Odom
|
0-0: Called Strike 0-1: Foul Ball, location: 2F 0-2: Strikes out looking
|
|
Batting: RHB Curt Earnest
|
0-0: Foul Ball, location: 2F 0-1: Foul Ball, location: 2F 0-2: Ball 1-2: Strikes out swinging
|
|
Batting: LHB Jack Bell
|
0-0: Called Strike 0-1: DOUBLE (Line Drive, 5D, EV 106.9 MPH)
|
|
Batting: LHB Steve Roepke
|
0-0: Hit by Pitch
|
|
Batting: RHB Nick Dunn
|
0-0: Called Strike 0-1: Ball 1-1: SINGLE (Line Drive, 78M, EV 98.1 MPH) Jack Bell to third Steve Roepke to second Runner from 3rd tries for Home, SAFE, throw by CF to home
|
|
Pitching: RHP Travis Feind
|
|
|
Batting: LHB Micah Miller
|
0-0: Ball 1-0: Called Strike 1-1: Ground out U3 (Groundball, 3, EV 94.4 MPH)
|
| Top of the 7th over - 1 run, 2 hits, 0 errors, 2 left on base; California 1 - Minnesota 10 |
| BOTTOM OF THE 7TH |
|
Minnesota Twins batting - Pitching for California Angels : RHP Barney Pederson
|
|
Batting: RHB Väinö Tapaninen
|
0-0: Swinging Strike 0-1: Fly out, F7 (Flyball, 78M, EV 74.4 MPH)
|
|
Batting: RHB Josh Zoglmann
|
0-0: SINGLE (Groundball, 6MD, EV 100.0 MPH)
|
|
Pinch Hitting: RHB Vinny Luna
|
0-0: Ball 1-0: Ball 2-0: Foul Ball, location: 2F 2-1: Foul Ball, location: 2F 2-2: Ball 3-2: Strikes out swinging Josh Zoglmann steals 2nd base (no throw) Batter strikes out.
|
|
Batting: LHB Joel Kunkler
|
0-0: Ball 1-0: Ball 2-0: Ball 3-0: SINGLE (Line Drive, 56D, EV 95.6 MPH) Josh Zoglmann to third Runner from 3rd tries for Home, SAFE, throw by LF to home
|
|
Batting: RHB Jared McClernon
|
0-0: Foul Ball, location: 2F 0-1: Foul Ball, location: 2F 0-2: Fly out, F9 (Flyball, 9, EV 91.3 MPH)
|
| Bottom of the 7th over - 1 run, 2 hits, 0 errors, 1 left on base; California 1 - Minnesota 11 |
| TOP OF THE 8TH |
|
California Angels batting - Pitching for Minnesota Twins : RHP Travis Feind
|
|
Now at 3B: Joel Kunkler
|
|
|
Now in RF: Vinny Luna
|
|
|
Batting: RHB Alain Delhaye
|
0-0: Ball 1-0: Foul Ball, location: 2F 1-1: Ball 2-1: Foul Ball, location: 2F 2-2: DOUBLE (Groundball, 5L, EV 98.1 MPH)
|
|
Batting: SHB Aldo Questi
|
0-0: Ball 1-0: Foul Ball, location: 2F 1-1: Ground out 5-3 (Groundball, 5L, EV 86.3 MPH)
|
|
Batting: RHB Preston Deakyne
|
0-0: Called Strike 0-1: SINGLE (Groundball, 34D, EV 112.5 MPH) Alain Delhaye to third Runner from 3rd tries for Home, SAFE, throw by RF to home Preston Deakyne to second
|
|
Batting: RHB Danny Odom
|
0-0: Foul Ball, location: 2F 0-1: Ball 1-1: Ball 2-1: Foul Ball, location: 2F 2-2: Foul Ball, location: 2F 2-2: Strikes out swinging, 2-3 out at first.
|
|
Batting: RHB Curt Earnest
|
0-0: DOUBLE (Line Drive, 78D, EV 110.0 MPH) Preston Deakyne scores
|
|
Batting: LHB Jack Bell
|
0-0: Ball 1-0: Ball 2-0: Called Strike 2-1: Ground out 5-3 (Groundball, 5L, EV 80.0 MPH)
|
| Top of the 8th over - 2 runs, 3 hits, 0 errors, 1 left on base; California 3 - Minnesota 11 |
| BOTTOM OF THE 8TH |
|
Minnesota Twins batting - Pitching for California Angels : RHP Barney Pederson
|
|
Batting: RHB Jesus Chavez
|
0-0: Foul Ball, location: 2F 0-1: Foul Ball, location: 2F 0-2: Ball 1-2: Strikes out swinging
|
|
Pitching: RHP Austin Maki
|
|
|
Batting: LHB Kevin Bellman
|
0-0: Called Strike 0-1: Foul Ball, location: 2F 0-2: Foul Ball, location: 2F 0-2: Fly out, F5 (Flyball, 5D, EV 90.0 MPH)
|
|
Batting: SHB Buster Hyman
|
0-0: Ball 1-0: Called Strike 1-1: Ball 2-1: Swinging Strike 2-2: Foul Ball, location: 2F 2-2: Foul Ball, location: 2F 2-2: Ball 3-2: Foul Ball, location: 2F 3-2: Hit by Pitch
|
|
Batting: LHB Sadamu Noguchi
|
0-0: Ball 1-0: Fly out, F8 (Flyball, 78D, EV 101.9 MPH)
|
| Bottom of the 8th over - 0 runs, 0 hits, 0 errors, 1 left on base; California 3 - Minnesota 11 |
| TOP OF THE 9TH |
|
California Angels batting - Pitching for Minnesota Twins : RHP Travis Feind
|
|
Pitching: RHP T.J. Hirst
|
|
|
Batting: LHB Steve Roepke
|
0-0: Ground out 4-3 (Groundball, 4, EV 86.9 MPH)
|
|
Batting: RHB Nick Dunn
|
0-0: Called Strike 0-1: Ground out U3 (Groundball, 34, EV 108.1 MPH)
|
|
Batting: LHB Micah Miller
|
0-0: Foul Ball, location: 2F 0-1: Ball 1-1: Ground out 6-3 (Groundball, 6M, EV 106.9 MPH)
|
| Top of the 9th over - 0 runs, 0 hits, 0 errors, 0 left on base; California 3 - Minnesota 11 |
|